 Dungeon Crawl Stone Soup version 0.21-a0-88-g13b9641 (webtiles) character file.

827136 Lavandula the Sorcerer (level 26, -42/189 HPs)
             Began as a Mummy Arcane Marksman on June 24, 2017.
             Was an Initiate of Gozag.
             Killed from afar by a Brimstone Fiend (47 damage)
             ... with damnation
             ... created by the effects of Hell
             ... on level 4 of Gehenna on June 26, 2017.
             The game lasted 11:51:44 (71706 turns).

Lavandula the Sorcerer (Mummy Arcane Marksman)     Turns: 71706, Time: 11:51:45

Health: -42/189    AC: 17    Str: 10    XL:     26   Next: 2%
Magic:  59/61      EV: 32    Int: 22    God:    Gozag
Gold:   1651       SH:  9    Dex: 20    Spells: 2/68 levels left

rFire    + + +     SeeInvis +   S - +9 demon trident (freeze)
rCold    + + +     Gourm    .   s - +3 warlock's mirror {reflect}
rNeg     + + +     Faith    +   C - +2 robe {Archmagi}
rPois    ∞         Spirit   .   P - +0 Maxwell's etheric cage {RegenMP+ *Contam rElec MP+4}
rElec    +         Reflect  +   T - +1 cloak of Wonder {rF+ MR+ Str-5 SInv}
rCorr    .         Harm     .   l - +2 pair of gloves {Dex+3}
MR       +++++                  g - +5 pair of boots of Isoleiny {rElec rPois Int+4}
Stlth    +++++.....             Y - amulet "Acunusu" {Faith rF++ rC+++ MP+9 Dex-5}
HPRegen  0.41/turn              a - ring of Riuraedu {rElec rF++ MR+ Slay+3}
MPRegen  0.37/turn              V - ring of Phasing {EV+8}

@: agile, hasted, deflect missiles, very quick
A: no food or potions, fire vulnerability, cold resistance 1, negative energy
resistance 3, torment resistance, unbreathing, in touch with death 2
}: 12/15 runes: barnacled, slimy, silver, iron, bone, abyssal, demonic, glowing,
magical, fiery, dark, gossamer
a: Potion Petition, Call Merchant, Bribe Branch, Renounce Religion


You were on level 4 of Gehenna.
You worshipped Gozag.
Gozag was most pleased with you.
You were not hungry.

You visited 15 branches of the dungeon, and saw 70 of its levels.
You visited Pandemonium 5 times, and saw 30 of its levels.
You visited the Abyss 4 times.
You also visited: Ice Cave, Volcano and Wizlab.

You collected 35036 gold pieces.
You spent 8421 gold pieces at shops.
You paid 24964 gold pieces to Gozag.

Inventory:

Hand Weapons
 f - the +4 staff of Dispater
   (You took it off Dispater on level 7 of the Iron City of Dis)
 D - the +6 hand crossbow of Tenacity {venom, rF+ SInv}
   (You bought it in a shop on level 12 of the Dungeon)

   It poisons the ammo it fires.
   It protects you from fire.
   It lets you see invisible.
 S - a +9 demon trident of freezing (weapon)
Missiles
 d - 1685 bolts
 H - 16 javelins of penetration (quivered)
 L - 8 throwing nets
Armour
 g - the +5 pair of boots of Isoleiny (worn) {rElec rPois Int+4}
   (You bought it in a shop on level 12 of the Dungeon)

   It affects your intelligence (+4).
   It insulates you from electricity.
   It protects you from poison.
 l - a +2 pair of gloves of dexterity (worn)
 s - the +3 warlock's mirror (worn) {reflect}
   (You bought it in a shop on level 5 of the Lair of Beasts)
 C - a +2 robe of the Archmagi (worn)
 N - a +5 ring mail of magic resistance
 P - the +0 Maxwell's etheric cage (worn) {RegenMP+ *Contam rElec MP+4}
   (You bought it in a shop on level 14 of the Dungeon)

   It insulates you from electricity.
   It affects your magic capacity (+4).
   It causes magical contamination when unequipped.
 T - the +1 cloak of Wonder (worn) {rF+ MR+ Str-5 SInv}
   (You found it on level 4 of the Spider Nest)

   It affects your strength (-5).
   It protects you from fire.
   It affects your resistance to hostile enchantments.
   It lets you see invisible.
Magical Staves
 r - an uncursed staff of wizardry
 B - an uncursed staff of energy
Jewellery
 a - the ring of Riuraedu (left hand) {rElec rF++ MR+ Slay+3}
   (You bought it in a shop on level 1 of the Depths)

   [ring of protection from magic]

   It affects your accuracy and damage with ranged weapons and melee attacks
   (+3).
   It greatly protects you from fire.
   It insulates you from electricity.
   It affects your resistance to hostile enchantments.
 i - the amulet of Ammal {RegenMP Slay+2}
   (You found it on level 5 of the Vaults)

   [amulet of magic regeneration]

   It increases your magic regeneration.
   It affects your accuracy and damage with ranged weapons and melee attacks
   (+2).
 j - a +6 amulet of reflection
 m - an uncursed ring of wizardry
 u - the ring "Puym" {+Fly rC+++ rN+ Slay+2}
   (You found it on level 3 of the Crypt)

   [ring of positive energy]

   It affects your accuracy and damage with ranged weapons and melee attacks
   (+2).
   It renders you almost immune to cold.
   It protects you from negative energy.
   It lets you fly.
 v - an uncursed ring of resist corrosion
 w - the ring of Tuod {rElec rN+ SInv}
   (You found it on level 3 of the Crypt)

   [ring of positive energy]

   It insulates you from electricity.
   It protects you from negative energy.
   It lets you see invisible.
 Q - the amulet "Xotzuw" {Reflect rElec rPois rF++ Str-5 SH+4}
   (You found it on level 7 of the Iron City of Dis)

   [amulet of reflection]

   It shields you and reflects attacks.
   It affects your strength (-5).
   It greatly protects you from fire.
   It insulates you from electricity.
   It protects you from poison.
   It affects your SH (+4).
 V - the ring of Phasing (right hand) {EV+8}
   (You bought it in a shop on level 2 of the Vaults)

   [ring of evasion]

   It affects your evasion (+8).
 Y - the amulet "Acunusu" (around neck) {Faith rF++ rC+++ MP+9 Dex-5}
   (You found it in an ice cave)

   [amulet of faith]

   It allows you to gain divine favour quickly.
   It affects your dexterity (-5).
   It greatly protects you from fire.
   It renders you almost immune to cold.
   It affects your magic capacity (+9).
Wands
 k - a wand of clouds (9/9)
 o - a wand of digging (18/24)
 x - a wand of paralysis (3/24)
 A - a wand of paralysis (20/24)
Scrolls
 e - a scroll of summoning
 h - 25 scrolls of remove curse
 n - a scroll of fog
 p - 2 scrolls of silence
 q - a scroll of torment
 t - 2 scrolls of magic mapping
 z - 3 scrolls of teleportation
 E - 3 scrolls of identify
 G - 3 scrolls of holy word
 O - 2 scrolls of blinking
 R - a scroll of fear
 W - 4 scrolls of immolation
Books
 J - a book of Power

   Spells                             Type                      Level
   a - Iskenderun's Battlesphere      Conjuration/Charms           5
   b - Venom Bolt                     Conjuration/Poison           5
   c - Bolt of Magma                  Conjuration/Fire/Earth       5
   d - Iron Shot                      Conjuration/Earth            6
   e - Orb of Destruction             Conjuration                  7
   f - Spellforged Servitor           Conjuration/Summoning        7
Miscellaneous
 b - a box of beasts
 c - a fan of gales
 y - the horn of Geryon
 F - a lightning rod (4/4)
 I - a crystal ball of energy
 K - 6 sacks of spiders
 M - a phantom mirror
 U - a lamp of fire
 X - a phial of floods


   Skills:
 - Level 11.6 Fighting
 - Level 13.1 Polearms
 - Level 10.0 Crossbows
 - Level 5.0 Throwing
 - Level 5.0 Armour
 - Level 9.0 Dodging
 - Level 8.0 Stealth
 - Level 5.2 Shields
 - Level 21.5 Spellcasting
 - Level 11.5 Conjurations
 - Level 6.9 Hexes
 - Level 9.0 Charms
 - Level 15.7 Summonings
 - Level 12.0 Necromancy
 + Level 14.8 Translocations
 - Level 9.4 Air Magic
   Level 3.3 Poison Magic
 - Level 9.3 Evocations


You had 2 spell levels left.
You knew the following spells:

 Your Spells              Type           Power        Failure   Level  Hunger
a - Orb of Destruction    Conj           #######...   14%         7    N/A
b - Portal Projectile     Hex/Tloc       ######       1%          3    N/A
c - Controlled Blink      Tloc           N/A          26%         8    N/A
d - Shadow Creatures      Summ           N/A          1%          6    N/A
e - Cause Fear            Hex            ######....   1%          4    N/A
f - Blink                 Tloc           N/A          0%          2    N/A
g - Spellforged Servitor  Conj/Summ      #######...   5%          7    N/A
h - Apportation           Tloc           ######       0%          1    N/A
i - Summon Butterflies    Summ           #######.     0%          1    N/A
j - Control Undead        Necr           ########..   1%          4    N/A
k - Summon Mana Viper     Hex/Summ       #######.     1%          5    N/A
m - Ozocubu's Armour      Chrm/Ice       ######..     1%          3    N/A
n - Swiftness             Chrm/Air       #######.     1%          2    N/A
o - Deflect Missiles      Chrm/Air       #######...   6%          6    N/A
p - Malign Gateway        Summ/Tloc      #######...   2%          7    N/A

Dungeon Overview and Level Annotations

Branches:
Dungeon (15/15)            Temple (1/1) D:5            Lair (6/6) D:9
 Shoals (4/4) Lair:4       Spider (4/4) Lair:4        Slime (5/5) Lair:5
    Orc (2/2) D:12            Elf (1/3) Orc:2        Vaults (5/5) D:14
  Crypt (3/3) Vaults:3       Tomb (0/3) Crypt:3      Depths (5/5) D:15
   Hell (1/1)                 Dis (7/7) Hell            Geh (4/7) Hell
    Tar (7/7) Hell
    Coc: Hell:1         Zot: Depths:5

Altars:
Ashenzari
Cheibriados
Dithmenos
Elyvilon
Fedhas
Gozag
Hepliaklqana
Kikubaaqudgha
Makhleb
Nemelex Xobeh
Okawaru
Qazlal
Ru
Sif Muna
Trog
Uskayaw
Vehumet
Wu Jian
Xom
Yredelemnul
Zin
The Shining One
Beogh

Shops:
D:8 (   D:10 :   D:12 ((*[   D:14 [(   D:15 ![[%?   Orc:1 }   Orc:2 *!%%
Lair:5 [   Vaults:2 =   Vaults:5 %   Depths:1 =?[   Depths:2 }==   Depths:5 ?

Portals:
Hell: Depths:1 Depths:2 Depths:3 Depths:5
Abyss: Depths:2 Depths:4
Pandemonium: Depths:1 Depths:3
Ziggurat: Depths:4
Trove: D:10 (give +4 shadow dragon scales)

Annotations:
D:2 Terence
Lair:2 exclusion: oklob plant
Lair:3 Urug


Innate Abilities, Weirdness & Mutations

You do not eat or drink.
Your flesh is vulnerable to fire.
You are immune to poison.
Your flesh is cold resistant. (rC+)
You are immune to negative energy. (rN+++)
You are immune to unholy pain and torment.
You can survive without breathing.
You are strongly in touch with the powers of death.


Message History

Unknown command.
You hit the Brimstone Fiend but do no damage.
The Brimstone Fiend is moderately wounded.
The wavering orb of destruction hits you!
* * * LOW HITPOINT WARNING * * *
The Brimstone Fiend completely misses you.
The Brimstone Fiend barely misses you. The Brimstone Fiend misses you.
Your spellforged servitor conjures an orb of pure magic. [a] - 729 gold - resistance, agility, heal wounds and magic [b] - 570 gold - heal wounds, haste and agility [c] - 220 gold - curing and magic Purchase which effect?
You feel much better.
You feel yourself speed up.
You feel agile all of a sudden.
The wavering orb of destruction hits you!
* * * LOW HITPOINT WARNING * * *
The Brimstone Fiend gestures at you.
The sphere of damnation explodes!
The damnation engulfs you!
You die...
Your body crumbles into a pile of gold.

.......##### ##....##.##.###
......###..####.............##
.......#....##...#..####'#...###
....$.......#...##..###..##....##
....$.........####...#....#......
..............# ##..#....####..#
....#####.##### ##...##..## ##
...##...### ###§8...####
..##....∩## ##.@§.###....
..#.......# #..1..# ....
..'.......# #..#### ..#
#.#.......# #...# ....
#.##.....##....## #..
...##...###...## #.# ##### ##.#
### ##


You could see a Brimstone Fiend and a friendly spellforged servitor.

Vanquished Creatures
  the Royal Jelly (Slime:5)
  Sojobo (Vaults:2)
  Boris (Depths:5)
  Xtahua (Crypt:3)
  A profane servitor (Abyss:1)
  A golden dragon (Vaults:5)
  6 doom hounds
  Jorgrun (Vaults:1)
  A Tzitzimitl (Pan)
  A Brimstone Fiend (Geh:1)
  A hellephant (Abyss:3)
  2 liches
  5 acid blobs
  Frances (D:12)
  An Executioner (Pan)
  2 storm dragons
  2 tengu reavers
  A shadow dragon (Vaults:5)
  Ilsuiw (Shoals:4)
  6 azure jellies
  7 balrugs
  4 frost giants
  3 fire giants
  A deep elf sorcerer (Vaults:3)
  5 emperor scorpions
  A deep elf elementalist (Abyss:3)
  A ghost moth (Pan)
  A cacodemon (Pan)
  A vault warden (Vaults:4)
  3 iron dragons (Dis:7)
  The ghost of MackTheKnife the Fighter, a journeyman TeAE of Ashenzari (Orc:2)
  A reaper (Dis:7)
  3 ironheart preservers
  A draconian annihilator (Pan)
  A spriggan defender (Depths:3)
  12 very ugly things
  A ghoul (Crypt:3)
  3 vampire knights
  4 stone giants
  2 blood saints (Pan)
  3 entropy weavers
  An apis (Pan)
  A green draconian (Depths:5)
  A lorocyproca (Pan)
  10 purple draconians (WizLab)
  A deep elf demonologist (Vaults:5)
  8 dire elephants (Abyss:3)
  A spark wasp (Depths:2)
  A deep elf annihilator (Vaults:5)
  2 ettins
  A red draconian (Depths:5)
  A blizzard demon (Pan)
  3 statues (WizLab)
  2 deep elf death magi
  3 eidola
  A green death (Pan)
  A minotaur (shapeshifter) (Vaults:5)
  8 yaktaur captains
  7 merfolk impalers
  A quicksilver dragon zombie (Crypt:3)
  8 fire dragons
  7 death oozes (Slime:5)
  2 jiangshi
  3 hydras
  2 rakshasas
  8 vault guards
  14 great orbs of eyes
  A quicksilver dragon skeleton (Geh:1)
  6 ice dragons
  A hell beast (Pan)
  A spriggan air mage (Depths:5)
  3 monstrous demonspawn
  A merfolk avatar (Shoals:4)
  2 death knights
  7 centaur warriors
  6 ogre magi
  An alligator snapping turtle (Shoals:4)
  26 two-headed ogres
  6 deep troll shamans
  A satyr (Shoals:4)
  6 deep troll earth magi
  3 hell hogs
  4 spriggan berserkers (Depths:3)
  6 soul eaters
  5 tengu warriors
  An orc high priest (Orc:2)
  2 vampire magi
  16 sun demons
  Nergalle (D:12)
  13 hell knights
  4 shadow wraiths
  A wretched star (Abyss:1)
  5 deep elf knights
  9 skeletal warriors
  3 iron trolls
  6 sixfirhies (Pan)
  A titan skeleton (Vaults:4)
  3 unseen horrors
  4 glowing orange brains
  3 sea snakes
  A ghost moth zombie (Tar:7)
  12 deep trolls
  4 shadow demons
  5 flayed ghosts
  A deep elf archer (Vaults:3)
  3 harpies
  2 wizards
  2 wolf spider zombies
  8 orc knights
  A harpy (shapeshifter) (Vaults:1)
  2 orb spiders
  5 orc sorcerers
  2 ironbrand convokers
  7 phantasmal warriors
  22 deep elf magi
  7 necromancers
  2 fire giant zombies
  An orb spider (shapeshifter) (Vaults:2)
  2 iron dragon zombies
  5 manticores
  11 wolf spiders
  5 fauns
  3 shining eyes
  A cyclops (D:14)
  An elephant (Abyss:3)
  15 ugly things
  A moth of wrath (Spider:4)
  A naga mage (D:15)
  A guardian serpent (Abyss:1)
  6 merfolk sirens
  Maurice (D:10)
  2 torpor snails
  2 water nymphs
  An ice statue (IceCv)
  13 spiny frogs
  5 smoke demons
  4 vault sentinels (Vaults:3)
  5 hellions
  6 orange demons (Pan)
  A gargoyle (D:11)
  A storm dragon simulacrum (Vaults:4)
  19 eyes of devastation
  3 rime drakes
  2 spectral swamp worms (Tar:7)
  A dire elephant skeleton (Abyss:1)
  2 efreet
  A tormentor (Dis:2)
  38 yaktaurs
  An emperor scorpion zombie (Dis:1)
  A rime drake (shapeshifter) (D:13)
  An ice devil (Pan)
  A komodo dragon (shapeshifter) (Depths:3)
  5 demonic crawlers
  8 freezing wraiths
  3 kobold demonologists (D:13)
  3 komodo dragons
  3 hellwings
  A hydra zombie (Hell)
  A tengu conjurer (Depths:1)
  A wolf spider simulacrum (Tar:7)
  10 red devils
  2 polar bears
  A shadow dragon simulacrum (Depths:3)
  2 ancient zymes
  A meliai (shapeshifter) (Depths:3)
  A meliai (Spider:3)
  5 trolls
  22 jumping spiders
  10 merfolk
  2 hydra skeletons
  2 harpy skeletons
  Grinder (D:3)
  5 hornets
  4 raiju
  A dream sheep (Lair:5)
  2 ice dragon zombies
  24 blink frogs
  An ettin zombie (Dis:1)
  25 slime creatures
  3 snapping turtles
  15 hippogriffs
  35 redbacks
  2 air elementals (Depths:5)
  6 large abominations
  3 shadows
  4 starcursed masses (Abyss:1)
  A tarantella (shapeshifter) (Vaults:2)
  3 vampires
  2 spriggans (Depths:3)
  2 alligator skeletons
  20 tarantellas
  A spriggan skeleton (Depths:3)
  11 water elementals
  9 wraiths
  A fire bat (Abyss:1)
  4 ynoxinuls (Pan)
  9 flying skulls
  A hog (shapeshifter) (Vaults:2)
  7 basilisks
  A fire bat (shapeshifter) (Vaults:2)
  3 golden eyes
  2 neqoxecs (Pan)
  6 wyverns
  64 yaks
  2 chaos spawn
  Grum (D:9)
  4 fire elementals
  9 vampire mosquitoes
  A hungry ghost (D:11)
  A spatial vortex (Abyss:3)
  2 wargs (Orc:2)
  17 soldier ants
  An acid dragon (D:12)
  2 spiny frog zombies
  A floating eye (Pan)
  3 hell hounds
  9 water moccasins
  A human skeleton (Vaults:4)
  3 small abominations
  8 ice beasts
  3 phantoms
  8 porcupines
  A sky beast (D:7)
  2 black bears (D:7)
  4 eyes of draining
  38 orc warriors
  An elf zombie (Vaults:4)
  7 necrophages
  12 boggarts
  27 ogres
  13 wolves
  13 centaurs
  8 crocodiles
  3 big kobolds
  A hippogriff zombie (Crypt:1)
  19 bullfrogs
  6 wyvern skeletons (Crypt:3)
  5 scorpions
  7 wights
  A human simulacrum (Vaults:2)
  2 howler monkeys (D:12)
  5 centaur zombies
  5 crimson imps
  2 bullfrog skeletons
  5 jellies
  17 orc priests
  8 hounds
  16 orc wizards
  3 iron imps (Dis:7)
  4 centaur skeletons
  An iguana (D:8)
  2 hell rats (Hell)
  21 worker ants
  2 hound zombies
  A mummy (D:9)
  Robin (D:2)
  A worker ant zombie (D:7)
  2 howler monkey skeletons
  5 gnolls
  13 adders
  A steam dragon skeleton (Crypt:2)
  7 shadow imps
  2 oozes
  An adder zombie (D:7)
  An adder skeleton (D:5)
  3 worms
  3 dart slugs
  5 leopard geckos
  86 orcs
  5 bats
  4 giant cockroaches
  9 goblins
  11 hobgoblins
  5 jackals
  9 quokkas
  A ball python (D:1)
  A ball python skeleton (D:4)
  3 frilled lizards
  A jackal zombie (D:6)
  15 kobolds
  A leopard gecko skeleton (D:6)
  3 rats (D:1)
1500 creatures vanquished.

Vanquished Creatures (collateral kills)
  Cerebov (Pan)
  Ereshkigal (Tar:7)
  Gloorx Vloq (Pan)
  A seraph (Pan)
  Dispater (Dis:7)
  Mnoleg (Pan)
  An ancient lich (Vaults:5)
  A juggernaut (Depths:5)
  Frederick (Depths:3)
  2 pandemonium lords (Pan)
  3 golden dragons (Vaults:5)
  A profane servitor (Crypt:3)
  Geryon (Hell)
  3 bone dragons
  2 Brimstone Fiends (Pan)
  7 Tzitzimimeh
  4 iron giants (Dis:7)
  2 doom hounds
  5 Hell Sentinels (Dis:7)
  4 Ice Fiends
  5 tentacled monstrosities
  2 hellephants
  10 acid blobs
  A quicksilver dragon (Vaults:5)
  2 liches
  4 titans (Vaults:5)
  5 sphinxes
  16 Executioners (Pan)
  An eldritch tentacle (Pan)
  2 storm dragons
  2 ancient champions (Dis:7)
  5 tengu reavers
  3 azure jellies
  6 shadow dragons
  3 revenants
  4 frost giants
  6 blood saints (Pan)
  3 emperor scorpions (Spider:4)
  5 fire giants
  6 warmongers (Pan)
  2 draconian shifters (Abyss:3)
  12 vault wardens
  3 deep elf sorcerers
  10 iron dragons
  Aizul (Vaults:4)
  27 cacodemons
  An orc warlord (Orc:1)
  19 balrugs (Pan)
  27 reapers
  2 ghost moths
  2 curse skulls (Pan)
  11 angels (Pan)
  12 war gargoyles
  5 ghouls (Crypt:3)
  2 draconian annihilators (Pan)
  5 very ugly things
  6 ophanim (Pan)
  A spriggan defender (Depths:5)
  9 stone giants
  11 ironheart preservers
  5 entropy weavers
  4 apis (Pan)
  3 deep elf demonologists
  2 red draconians
  8 lorocyprocas
  6 corrupters (Pan)
  5 deep elf annihilators
  4 vampire knights
  11 black suns (Pan)
  4 spark wasps
  3 eidola
  5 statues (WizLab)
  A deep elf death mage (Crypt:1)
  10 green deaths (Pan)
  2 merfolk javelineers (Shoals:4)
  4 merfolk impalers
  3 death oozes (Slime:5)
  3 ettins
  13 blizzard demons
  A mummy priest (Crypt:3)
  A quicksilver dragon zombie (Crypt:3)
  3 jiangshi
  2 spectral krakens (Tar:7)
  Josephine (D:11)
  3 deep elf high priests
  10 yaktaur captains
  3 fire dragons
  3 great orbs of eyes
  5 hell beasts (Pan)
  20 vault guards
  A ghost crab (Tar:7)
  A quicksilver dragon skeleton (Geh:1)
  6 rakshasas
  3 ice dragons
  7 monstrous demonspawn (Pan)
  A centaur warrior (Depths:3)
  2 hydras
  2 merfolk avatars
  4 death knights
  An alligator snapping turtle (Shoals:3)
  3 merfolk aquamancers
  2 deep troll earth magi
  A death yak (Lair:5)
  9 ogre magi
  2 tengu warriors (Depths:5)
  16 two-headed ogres
  2 deep troll shamans (Depths:2)
  A queen ant (D:9)
  A titan zombie (Crypt:3)
  A vampire mage (Tar:5)
  A titan skeleton (Pan)
  Sonja (D:10)
  A thrashing horror (Abyss:1)
  12 hell hogs
  3 wretched stars (Abyss:1)
  17 soul eaters
  A holy swine (Pan)
  3 storm dragon zombies
  10 deep elf knights
  34 sun demons
  20 sixfirhies
  A spark wasp zombie (Depths:3)
  2 shadow wraiths
  25 skeletal warriors
  4 iron golems (Dis:7)
  6 iron trolls
  5 hell knights
  3 spatial maelstroms
  2 glowing orange brains
  5 sea snakes
  An anaconda zombie (Crypt:3)
  A wizard (Vaults:1)
  8 torturous demonspawn (Pan)
  7 flayed ghosts
  8 shadow demons
  10 gelid demonspawn (Pan)
  9 infernal demonspawn (Pan)
  9 cherubim (Pan)
  12 deep trolls
  A golden dragon skeleton (Pan)
  5 deep elf archers
  10 phantasmal warriors
  A tengu zombie (Vaults:5)
  5 ironbrand convokers
  2 necromancers
  16 orc knights
  2 shining eyes (Pan)
  21 deep elf magi
  3 harpies (Shoals:4)
  A sphinx zombie (Depths:3)
  A stone giant zombie (Geh:2)
  15 orb spiders
  An iron dragon zombie (Crypt:3)
  5 wolf spiders
  11 ugly things
  An orc sorcerer (Orc:1)
  2 cyclopes (Vaults:2)
  3 fauns
  A frost giant skeleton (Depths:1)
  2 fire giant skeletons
  2 manticores
  5 merfolk sirens
  2 eyes of devastation
  2 fire giant zombies
  3 dire elephant zombies
  An elephant (Abyss:3)
  6 vault sentinels
  32 orange demons
  2 water nymphs (Shoals:4)
  20 rust devils
  An emperor scorpion zombie (Geh:4)
  An ice statue (IceCv)
  27 smoke demons (Pan)
  9 spiny frogs (Lair:6)
  3 torpor snails
  A shock serpent skeleton (Dis:3)
  7 hellions
  2 komodo dragons (Lair:6)
  5 efreet (Pan)
  2 spectral swamp worms (Tar:7)
  11 tormentors
  17 hellwings (Pan)
  6 freezing wraiths
  A black draconian zombie (Dis:7)
  2 ancient zymes (Abyss:1)
  9 demonic crawlers
  19 yaktaurs
  2 hydra zombies
  2 guardian mummies (Crypt:3)
  A catoblepas skeleton (Tar:5)
  A tengu conjurer (Depths:2)
  8 jumping spiders
  14 red devils
  13 ice devils
  3 tyrant leeches (Lair:6)
  A silent spectre (Tar:4)
  2 meliai (Spider:3)
  14 merfolk
  A polar bear (Lair:6)
  A hornet (Spider:4)
  A hippogriff (Lair:6)
  25 slime creatures
  3 trolls
  3 dream sheep (Lair:5)
  2 hydra skeletons
  7 blink frogs (Lair:6)
  8 raiju
  A fire dragon zombie (Dis:7)
  3 snapping turtles
  2 dream sheep (shapeshifter) (Vaults:5)
  2 ice dragon zombies
  A deep troll zombie (Depths:1)
  4 water elementals
  A black mamba zombie (Tar:7)
  3 ettin skeletons
  16 redbacks
  A spriggan (Depths:3)
  An air elemental (Depths:5)
  5 shadows
  2 starcursed masses
  20 ynoxinuls
  A spriggan (shapeshifter) (Vaults:4)
  A deep troll skeleton (Depths:1)
  A wyvern (D:11)
  4 flying skulls
  9 tarantellas
  An ushabti (Crypt:3)
  A vampire (Vaults:3)
  25 large abominations
  11 wraiths
  4 golden eyes (Pan)
  A black mamba skeleton (Geh:1)
  A basilisk (Lair:6)
  11 chaos spawn
  8 fire elementals
  7 vampire mosquitoes
  11 yaks
  20 neqoxecs
  A spatial vortex (Abyss:3)
  5 wargs
  4 soldier ants (D:9)
  8 hell hounds
  A spiny frog zombie (Crypt:3)
  A soldier ant (shapeshifter) (Vaults:4)
  3 water moccasins
  2 floating eyes (Pan)
  47 orc warriors
  13 necrophages
  10 ice beasts (IceCv)
  2 snapping turtle zombies
  3 eyes of draining
  18 ogres
  2 boggarts
  5 small abominations
  A snapping turtle skeleton (Geh:1)
  5 centaurs
  A swamp dragon skeleton (Pan)
  An elf skeleton (Vaults:4)
  A fire crab zombie (Crypt:2)
  4 bullfrogs (Lair:6)
  An ogre simulacrum (Vaults:1)
  A gnoll sergeant (D:12)
  An earth elemental (Abyss:1)
  2 yaktaur skeletons
  4 wyvern skeletons (Crypt:3)
  13 wights
  2 electric eels (Lair:6)
  A howler monkey (D:12)
  3 quasits (Abyss:1)
  17 iron imps
  A jelly (D:11)
  A bullfrog skeleton (D:12)
  6 orc priests
  6 orc wizards
  3 centaur skeletons
  A human skeleton (Pan)
  3 hell rats (Hell)
  A worker ant (D:9)
  2 adders
  2 gnolls (D:12)
  3 shadow imps
  2 ball lightnings (Pan)
  A leopard gecko (D:11)
  23 orcs
  A kobold skeleton (Pan)
  An orc skeleton (Tar:7)
  An orc zombie (Crypt:3)
  3 fire vortices (Pan)
  A plant (Lair:6)
  A tentacle (Tar:7)
1581 creatures vanquished.

Vanquished Creatures (others)
  Dissolution (Slime:1)
  Boris (Vaults:2)
  2 iron giants (Dis:7)
  2 liches
  2 Tzitzimimeh (Tar:7)
  6 Hell Sentinels (Dis:7)
  A tentacled monstrosity (Vaults:5)
  68 eldritch tentacles
  An ancient champion (Dis:7)
  A tengu reaver (Vaults:5)
  A sphinx (Vaults:5)
  2 azure jellies (Slime:5)
  An iron dragon (Dis:7)
  2 deep elf sorcerers (Vaults:5)
  3 vault wardens (Vaults:5)
  5 reapers
  5 ironheart preservers (Vaults:5)
  2 draconian annihilators (Pan)
  2 very ugly things
  9 war gargoyles
  4 stone giants (Vaults:5)
  A blood saint (Pan)
  4 deep elf demonologists (Vaults:5)
  3 ettins (Vaults:5)
  A merfolk impaler (Shoals:3)
  A green death (Pan)
  A yaktaur captain (Vaults:5)
  7 vault guards
  An anaconda (shapeshifter) (Vaults:5)
  A dancing weapon (Elf:1)
  A vampire mage (Tar:2)
  A deep troll shaman (D:15)
  2 deep elf knights (Vaults:5)
  7 soul eaters (Tar:7)
  A titan skeleton (Tar:4)
  5 skeletal warriors
  6 iron trolls (Dis:7)
  2 iron golems (Dis:7)
  A shadow wraith (Vaults:4)
  5 shadow demons
  A deep elf archer (Vaults:5)
  A deep troll (Depths:3)
  A glowing orange brain (shapeshifter) (Vaults:5)
  3 wizards (Pan)
  A phantasmal warrior (Tar:7)
  2 fauns
  A necromancer (Vaults:5)
  An ugly thing (Vaults:1)
  2 deep elf magi (Vaults:5)
  A vault sentinel (Vaults:5)
  5 rust devils (Dis:7)
  3 smoke demons (Pan)
  A spectral swamp worm (Tar:7)
  4 yaktaurs
  A freezing wraith (Vaults:5)
  An ice devil (Dis:7)
  A red devil (Pan)
  A jumping spider (Spider:3)
  An ettin zombie (Vaults:5)
  A redback (Spider:4)
  A flying skull (Dis:7)
  A wraith (Tar:4)
  A fire elemental (Geh:1)
  A golden eye (Pan)
  A spiny frog zombie (Dis:7)
  A large abomination (Pan)
  2 hell hounds (Tar:5)
  A necrophage (Tar:7)
  A boggart (Depths:2)
  2 wights (Tar:7)
  8 iron imps (Dis:7)
  A quasit (Abyss:1)
  An orc wizard (Vaults:5)
  A white imp (Depths:2)
  11 ball lightnings (Pan)
  21 fungi
  A lurking horror (Abyss:1)
  58 plants
  4 starspawn tentacles (Abyss:1)
  4 tentacles (Tar:7)
  10 withered plants (Crypt:3)
337 creatures vanquished.

Grand Total: 3418 creatures vanquished

Notes
Turn   | Place    | Note
-------+----------+-------------------------------------------
     0 | D:1      | Lavandula the Mummy Arcane Marksman began the quest for the Orb.
     0 | D:1      | Reached XP level 1. HP: 15/15 MP: 2/2
   152 | D:1      | Reached XP level 2. HP: 21/21 MP: 4/4
   258 | D:1      | Learned a level 2 spell: Slow
   668 | D:1      | Reached XP level 3. HP: 26/26 MP: 2/5
   736 | D:2      | Noticed Robin
   848 | D:2      | Killed Robin
   869 | D:1      | Reached XP level 4. HP: 20/32 MP: 2/6
  1174 | D:2      | Noticed Terence
  1299 | D:3      | Reached skill level 1 in Polearms
  1316 | D:3      | Noticed Grinder
  1320 | D:3      | You fall through a shaft!
  1366 | D:3      | Killed Grinder
  1366 | D:3      | Reached XP level 5. HP: 33/37 MP: 3/7
  1366 | D:3      | Reached XP level 6. HP: 39/43 MP: 3/8
  1470 | D:2      | !Terence with holy weapon
  1640 | D:3      | Learned a level 3 spell: Confuse
  1808 | D:4      | Found a shadowy altar of Dithmenos.
  1815 | D:4      | Found a stormy altar of Qazlal.
  1815 | D:4      | Found an iron altar of Okawaru.
  2151 | D:5      | Entered Level 5 of the Dungeon
  2276 | D:5      | lighting rod
  2302 | D:5      | Reached skill level 5 in Polearms
  2302 | D:5      | Reached XP level 7. HP: 48/48 MP: 5/9
  2420 | D:5      | Found a staircase to the Ecumenical Temple.
  2429 | Temple   | Entered the Ecumenical Temple
  2535 | Temple   | Became a worshipper of Gozag Ym Sagoz the Greedy
  2578 | D:5      | Found a blossoming altar of Fedhas.
  3358 | D:6      | Reached XP level 8. HP: 40/54 MP: 7/10
  3516 | D:6      | Reached skill level 5 in Hexes
  3658 | D:7      | Found a hazy altar of Hepliaklqana.
  3658 | D:7      | Noticed a hippogriff
  3662 | D:7      | Found a bloodstained altar of Trog.
  3808 | D:7      | Learned a level 3 spell: Dazzling Spray
  4060 | D:7      | Killed a hippogriff
  4426 | D:7      | Reached XP level 9. HP: 59/59 MP: 2/11
  4463 | D:7      | Found a radiant altar of Vehumet.
  4576 | D:8      | Got a flickering tin ring
  4578 | D:8      | Identified the ring of Arrival {Str+3 Stlth+} (You found it on level 8 of the Dungeon)
  4618 | D:8      | Reached skill level 2 in Spellcasting
  4627 | D:8      | Learned a level 4 spell: Cause Fear
  4671 | D:8      | Reached skill level 3 in Spellcasting
  4818 | D:8      | Noticed a two-headed ogre
  5388 | D:8      | Reached skill level 5 in Dodging
  5859 | D:9      | Reached XP level 10. HP: 60/65 MP: 14/14
  6568 | D:9      | Noticed a two-headed ogre
  6586 | D:9      | Killed a two-headed ogre
  6659 | D:9      | Reached skill level 10 in Polearms
  7002 | D:9      | Noticed a two-headed ogre
  7026 | D:9      | Killed a two-headed ogre
  7026 | D:9      | Reached XP level 11. HP: 70/70 MP: 3/15
  7583 | D:9      | Noticed a queen ant
  7668 | D:9      | Noticed Grum
  7716 | D:9      | Found a shattered altar of Ashenzari.
  7744 | D:9      | Found a snail-covered altar of Cheibriados.
  7778 | D:9      | Found a staircase to the Lair.
  7787 | Lair:1   | Entered Level 1 of the Lair of Beasts
  8078 | D:10     | Entered Level 10 of the Dungeon
  8128 | D:10     | Bought a book of Minor Magic for 300 gold pieces
  8139 | D:10     | Noticed Sonja
  8150 | D:9      | Learned a level 2 spell: Blink
  8404 | D:9      | Killed Grum
  8498 | Lair:1   | Reached skill level 1 in Evocations
  8580 | Lair:1   | Noticed a six-headed hydra
  8775 | Lair:2   | Learned a level 1 spell: Animate Skeleton
  8787 | Lair:2   | Found a dark tunnel.
  8801 | Volcano  | Entered a volcano
  8890 | Lair:2   | Reached skill level 4 in Spellcasting
  8956 | Lair:2   | Learned a level 1 spell: Apportation
  9166 | Lair:2   | Reached skill level 5 in Fighting
  9202 | Lair:2   | Learned a level 1 spell: Summon Butterflies
  9218 | Lair:2   | Noticed an oklob plant
  9331 | Lair:3   | Reached skill level 5 in Spellcasting
  9391 | Lair:3   | Learned a level 3 spell: Call Canine Familiar
  9471 | Lair:2   | Reached skill level 1 in Summonings
  9507 | Lair:3   | Noticed Urug
  9666 | Lair:4   | Found a hole to the Spider Nest.
  9902 | Lair:4   | Reached XP level 12. HP: 59/86 MP: 14/20
 10008 | Lair:4   | Noticed a five-headed hydra
 10031 | Lair:4   | Killed a five-headed hydra
 10069 | Lair:4   | Noticed Harold
 10074 | Lair:4   | Found a staircase to the Shoals.
 10085 | Lair:4   | Reached skill level 5 in Summonings
 10226 | Lair:4   | Reached skill level 6 in Spellcasting
 10387 | Lair:4   | Reached skill level 7 in Spellcasting
 10596 | Lair:4   | Got an uncursed twisted mace {speed}
 10597 | Lair:4   | Identified the +7 mace of Wuhij {speed, rPois} (You took it off a centaur on level 4 of the Lair of Beasts)
 10729 | Lair:5   | Learned a level 5 spell: Summon Mana Viper
 10732 | Lair:5   | Noticed a four-headed hydra
 10908 | Lair:5   | Killed a four-headed hydra
 11175 | Lair:5   | Found a staircase to the Slime Pits.
 11419 | Lair:5   | Noticed a six-headed hydra
 11474 | Lair:5   | Killed a six-headed hydra
 11710 | Lair:5   | Bought the +3 warlock's mirror {reflect} for 480 gold pieces
 11717 | Lair:6   | Entered Level 6 of the Lair of Beasts
 11741 | Lair:5   | Reached skill level 1 in Shields
 11772 | Lair:6   | Found a frozen archway.
 11875 | Lair:6   | Noticed an ice dragon
 11909 | Lair:6   | Killed an ice dragon
 12043 | Lair:5   | Noticed a death yak
 12061 | Lair:5   | Killed a death yak
 12061 | Lair:5   | Gained mutation: You are in touch with the powers of death. [Mummy growth]
 12061 | Lair:5   | Reached XP level 13. HP: 86/91 MP: 14/24
 12252 | IceCv    | Entered an ice cave
 12829 | IceCv    | Reached skill level 5 in Shields
 13318 | IceCv    | Got a twitching golden amulet
 13319 | IceCv    | Identified the amulet "Acunusu" {Faith rF++ rC+++ MP+9 Dex-5} (You found it in an ice cave)
 14326 | Lair:6   | Noticed Harold
 14326 | Lair:6   | Harold changed into Harold the spark wasp
 14335 | Lair:6   | Killed Harold the spark wasp
 14974 | Lair:6   | Reached skill level 10 in Summonings
 15144 | Lair:6   | Reached skill level 8 in Spellcasting
 15514 | D:10     | Got an ancient rapier
 15515 | D:10     | Identified the cursed +1 rapier "Jineg" {flame, Dex+3} (You found it on level 10 of the Dungeon)
 15533 | D:10     | Noticed Maurice
 15542 | D:10     | Killed Maurice
 15640 | D:10     | Reached skill level 9 in Spellcasting
 15668 | D:10     | Killed Sonja
 15769 | D:10     | Learned a level 3 spell: Mephitic Cloud
 15927 | D:10     | Found a portal to a secret trove of treasure.
 16009 | D:11     | Reached skill level 1 in Air Magic
 16624 | D:11     | Reached skill level 1 in Conjurations
 16651 | D:11     | Reached XP level 14. HP: 96/98 MP: 27/27
 16832 | D:11     | Noticed Josephine
 16850 | D:11     | Killed Josephine
 16942 | D:11     | Reached skill level 1 in Poison Magic
 17257 | D:12     | Noticed Nergalle
 17272 | D:12     | Killed Nergalle
 17369 | D:12     | Bought a brightly glowing hand crossbow for 195 gold pieces
 17369 | D:12     | Identified the +6 hand crossbow of Tenacity {venom, rF+ SInv} (You bought it in a shop on level 12 of the Dungeon)
 17564 | D:12     | Noticed Frances
 17635 | D:12     | Found Ycoibypn's Armour Shoppe.
 17635 | D:12     | Found a staircase to the Orcish Mines.
 17635 | D:12     | Found Xoseumo's Weapon Shoppe.
 18026 | Orc:1    | Entered Level 1 of the Orcish Mines
 18045 | D:12     | Bought the +5 pair of boots of Isoleiny {rElec rPois Int+4} for 729 gold pieces
 18064 | D:12     | Learned a level 3 spell: Conjure Flame
 18235 | Orc:1    | Found Mamneure's Gadget Shop.
 18285 | Orc:1    | Noticed an orc warlord
 18300 | Orc:1    | Noticed a stone giant
 18348 | Orc:1    | Killed a stone giant
 18410 | Orc:1    | Killed an orc warlord
 18781 | Orc:2    | Entered Level 2 of the Orcish Mines
 18879 | Orc:2    | Noticed a stone giant
 18893 | Orc:2    | Killed a stone giant
 18903 | Orc:2    | Noticed MackTheKnife's ghost (journeyman TeAE)
 19053 | Orc:2    | Found a staircase to the Elven Halls.
 19181 | Orc:2    | Reached skill level 5 in Conjurations
 19302 | Orc:2    | Killed MackTheKnife's ghost
 19613 | Orc:2    | Found Mewuoq's Distillery.
 19613 | Orc:2    | Found Niommoj's Assorted Antiques.
 19660 | Orc:2    | Reached skill level 10 in Spellcasting
 19773 | Orc:2    | Found a roughly hewn altar of Beogh.
 20455 | Orc:2    | Found Zucapten's Food Shop.
 20455 | Orc:2    | Found Osuefrum's Food Emporium.
 20568 | Elf:1    | Entered Level 1 of the Elven Halls
 20629 | Elf:1    | Noticed a deep elf sorcerer
 20645 | Elf:1    | Killed a deep elf sorcerer
 20859 | Elf:1    | Identified the Reference Book on Damage Dealing
 20865 | Elf:1    | Learned a level 3 spell: Ozocubu's Armour
 21091 | Shoals:1 | Entered Level 1 of the Shoals
 21368 | Shoals:3 | Reached skill level 11 in Spellcasting
 21397 | Shoals:3 | Learned a level 3 spell: Portal Projectile
 21520 | Shoals:2 | Identified the Papyrus of Translocation and Air
 21546 | Shoals:2 | Reached XP level 15. HP: 93/108 MP: 14/30
 21627 | Shoals:2 | Reached skill level 5 in Crossbows
 22598 | Shoals:4 | Entered Level 4 of the Shoals
 22697 | Shoals:4 | Got a smoking morningstar
 22698 | Shoals:4 | Identified the +7 morningstar "Gietops" {flame, +Inv rC- MR+ Dex+3} (You found it on level 4 of the Shoals)
 23726 | Shoals:4 | Noticed a frost giant
 23737 | Shoals:4 | Killed a frost giant
 23863 | Shoals:4 | Noticed Ilsuiw
 23908 | Shoals:4 | Killed Ilsuiw
 24088 | Shoals:4 | Got a barnacled rune of Zot
 24189 | Shoals:4 | Reached skill level 10 in Crossbows
 24616 | Spider:1 | Entered Level 1 of the Spider Nest
 25329 | Spider:3 | Reached XP level 16. HP: 115/115 MP: 30/31
 25360 | Spider:4 | Entered Level 4 of the Spider Nest
 25487 | Spider:4 | Got a dazzling spear
 25489 | Spider:4 | Identified the +8 spear "Dewud" {freeze, Str+6 Int-2} (You found it on level 4 of the Spider Nest)
 25659 | Spider:4 | Reached skill level 1 in Armour
 26894 | Spider:3 | Reached skill level 5 in Armour
 27772 | Spider:4 | Learned a level 2 spell: Swiftness
 28121 | Spider:4 | Got a warped cloak
 28169 | Spider:4 | Identified the +1 cloak of Wonder {rF+ MR+ Str-5 SInv} (You found it on level 4 of the Spider Nest)
 28839 | Spider:4 | Got a gossamer rune of Zot
 29516 | D:10     | Bought a book of Enchantments for 750 gold pieces
 30265 | D:14     | Found a gate to the Vaults.
 30290 | D:14     | Reached XP level 17. HP: 107/120 MP: 30/32
 30448 | Orc:1    | Bought a lamp of fire for 600 gold pieces
 30621 | D:12     | Killed Frances
 30743 | D:13     | Reached skill level 12 in Spellcasting
 30881 | D:14     | Upgraded the game from 0.21-a0-82-gdb84782 to 0.21-a0-85-ga0cb861
 30926 | Vaults:1 | Entered Level 1 of the Vaults
 31017 | Vaults:1 | Noticed Jorgrun
 31030 | Vaults:1 | Killed Jorgrun
 31143 | Vaults:1 | Reached skill level 13 in Spellcasting
 31857 | Vaults:1 | Reached skill level 14 in Spellcasting
 31868 | Vaults:1 | Learned a level 6 spell: Deflect Missiles
 31973 | Vaults:1 | Reached skill level 1 in Charms
 32658 | Vaults:2 | Noticed Boris
 32688 | Vaults:2 | Killed Boris
 32722 | Vaults:2 | Bought the ring of Phasing {EV+8} for 1792 gold pieces
 33202 | Vaults:2 | Reached skill level 5 in Charms
 33571 | Vaults:2 | Noticed Sojobo
 33628 | Vaults:2 | Killed Sojobo
 34701 | Vaults:3 | Reached XP level 18. HP: 127/127 MP: 22/36
 34714 | Vaults:3 | Reached skill level 5 in Air Magic
 35577 | Vaults:3 | Found a staircase to the Crypt.
 35596 | Vaults:3 | Identified the +1 plate armour of Elyvilon's Supremacy {rC+ Dex+4 Stlth+} (You found it on level 3 of the Vaults)
 35928 | D:15     | Entered Level 15 of the Dungeon
 36037 | D:15     | Found Nucyok's Magic Scroll Boutique.
 36044 | D:15     | Bought a scroll of magic mapping for 49 gold pieces
 36253 | D:15     | Found Iregacomp's Antique Armour Boutique.
 36254 | D:15     | Identified the +5 war axe of Jeagrov {chop, Int+2} (You found it on level 15 of the Dungeon)
 36268 | D:15     | Bought an ancient helmet for 199 gold pieces
 36280 | D:15     | Identified the +0 helmet of Tender Moments {rN+} (You bought it in a shop on level 15 of the Dungeon)
 36400 | D:15     | Found Wetem's Food Shoppe.
 36419 | D:15     | Found a staircase to the Depths.
 36526 | D:15     | Found Vudisir's Distillery.
 36584 | D:15     | Found Lotreime's Armour Shop.
 36873 | Depths:1 | Entered Level 1 of the Depths
 37809 | Depths:1 | Found a one-way gate leading to the halls of Pandemonium.
 37814 | Depths:1 | Found a gateway to Hell.
 37823 | Depths:1 | Found Iwak's Magic Scroll Boutique.
 37829 | Depths:1 | Bought a scroll of teleportation for 45 gold pieces
 37897 | Depths:1 | Found Zykol's Armour Emporium.
 38273 | Depths:2 | Noticed a lich
 38511 | Depths:1 | Reached XP level 19. HP: 106/132 MP: 37/37
 38901 | Depths:2 | Found Sutsaplib's Jewellery Shop.
 38902 | Depths:2 | Found Itwor's Gadget Shoppe.
 38903 | Depths:2 | Found Eskyoqai's Jewellery Shop.
 38928 | Depths:2 | Found a one-way gate to the infinite horrors of the Abyss.
 39206 | Depths:1 | Bought the ring of Riuraedu {rElec rF++ MR+ Slay+3} for 1243 gold pieces
 39626 | Depths:2 | Bought an uncursed ring of wizardry for 360 gold pieces
 39855 | Depths:2 | Reached skill level 1 in Stealth
 40116 | Depths:2 | Noticed a Tzitzimitl
 40361 | Depths:2 | Got a scorched glaive
 40362 | Depths:2 | Identified the cursed +3 glaive of Targhelu {antimagic, Dex+7} (You found it on level 2 of the Depths)
 40467 | Depths:3 | Noticed Frederick
 40507 | Depths:3 | Killed Frederick
 40511 | Depths:3 | Reached skill level 5 in Stealth
 40753 | Depths:3 | Reached skill level 1 in Translocations
 41120 | Depths:2 | Reached skill level 1 in Throwing
 41981 | Depths:3 | Reached skill level 5 in Throwing
 42422 | Depths:3 | Reached XP level 20. HP: 141/141 MP: 31/38
 42838 | Depths:3 | Identified the cursed +0 ring mail of Xiqiuvah {rPois} (You found it on level 3 of the Depths)
 43351 | Depths:4 | Reached skill level 10 in Fighting
 43414 | Depths:4 | Noticed a juggernaut
 43436 | Depths:4 | Found a gateway to a ziggurat.
 43544 | Depths:4 | Found a magical portal.
 43554 | WizLab   | Entered Iskenderun's Mystic Tower
 44548 | WizLab   | Identified the Reference Book on Unholy Enhancements
 44561 | WizLab   | Identified Iskenderun's Collected Works on Combat Magic
 44561 | WizLab   | Identified Iskenderun's Guide on Combat Magic
 44690 | Depths:5 | Entered Level 5 of the Depths
 44781 | Depths:5 | Noticed Boris
 44827 | Depths:5 | Killed Boris
 44827 | Depths:5 | Reached skill level 5 in Evocations
 45135 | Depths:5 | Found Hagaiqan's Magic Scroll Shop.
 45490 | Depths:5 | Found a runed door.
 45563 | Depths:5 | Learned a level 6 spell: Shadow Creatures
 45787 | D:15     | Bought a scroll of teleportation for 42 gold pieces
 45787 | D:15     | Bought a scroll of teleportation for 42 gold pieces
 45787 | D:15     | Bought a scroll of teleportation for 42 gold pieces
 45787 | D:15     | Bought a scroll of amnesia for 49 gold pieces
 45787 | D:15     | Bought a scroll of silence for 105 gold pieces
 46234 | Crypt:1  | Entered Level 1 of the Crypt
 46372 | Crypt:2  | Got a spiked buckler
 46373 | Crypt:2  | Identified the +1 buckler of Moomuol {Int+4 SInv} (You found it on level 2 of the Crypt)
 46449 | Crypt:3  | Entered Level 3 of the Crypt
 46550 | Crypt:3  | Reached XP level 21. HP: 157/157 MP: 33/39
 46596 | Crypt:3  | Noticed Xtahua
 46617 | Crypt:3  | Killed Xtahua
 46617 | Crypt:3  | Reached skill level 15 in Spellcasting
 47169 | Crypt:3  | Found a staircase to the Tomb.
 47285 | Crypt:3  | Reached skill level 16 in Spellcasting
 47427 | Crypt:3  | Found a basalt altar of Yredelemnul.
 47706 | Crypt:3  | Identified the ring of Tuod {rElec rN+ SInv} (You found it on level 3 of the Crypt)
 47707 | Crypt:3  | Identified the ring "Puym" {+Fly rC+++ rN+ Slay+2} (You found it on level 3 of the Crypt)
 47708 | Crypt:3  | Identified the ring "Ecemurobb" {rC- rN+ Str+3 Stlth+} (You found it on level 3 of the Crypt)
 47730 | Crypt:3  | Noticed a profane servitor
 47766 | Crypt:3  | Killed a profane servitor
 48040 | Vaults:4 | Noticed Aizul
 48066 | Vaults:4 | Killed Aizul
 48693 | Vaults:4 | Upgraded the game from 0.21-a0-85-ga0cb861 to 0.21-a0-88-g13b9641
 49111 | Vaults:5 | Entered Level 5 of the Vaults
 49574 | Vaults:5 | Found Jigiopn's Food Shoppe.
 49756 | Vaults:5 | Reached skill level 10 in Conjurations
 50089 | Vaults:5 | Noticed an ancient lich
 50140 | Vaults:5 | Killed an ancient lich
 50520 | Vaults:5 | Reached XP level 22. HP: 164/164 MP: 42/42
 50534 | Vaults:5 | Noticed a golden dragon
 50551 | Vaults:5 | Killed a golden dragon
 50588 | Vaults:5 | Noticed a golden dragon
 50608 | Vaults:5 | Noticed a golden dragon
 50640 | Vaults:5 | Killed a golden dragon
 50659 | Vaults:5 | Killed a golden dragon
 50832 | Vaults:5 | Reached skill level 17 in Spellcasting
 50906 | Vaults:5 | Identified the cursed +3 hand crossbow of the Sea {freeze, Fragile rPois Str+2 Int+4} (You found it on level 5 of the Vaults)
 50966 | Vaults:5 | Noticed a golden dragon
 50971 | Vaults:5 | Killed a golden dragon
 51031 | Vaults:5 | Learned a level 7 spell: Spellforged Servitor
 51166 | Vaults:5 | Got a silver rune of Zot
 51265 | Vaults:5 | Identified the Catalogue of Companions
 51311 | Vaults:5 | Learned a level 7 spell: Orb of Destruction
 51395 | Vaults:5 | Got a vibrating platinum amulet
 51396 | Vaults:5 | Identified the amulet of Ammal {RegenMP Slay+2} (You found it on level 5 of the Vaults)
 51632 | D:14     | Bought the +0 Maxwell's etheric cage {RegenMP+ *Contam rElec MP+4} for 760 gold pieces
 52044 | Slime:1  | Entered Level 1 of the Pits of Slime
 52344 | Slime:2  | Noticed Dissolution
 52602 | Slime:1  | Killed Dissolution
 52602 | Slime:1  | Reached skill level 15 in Summonings
 53122 | Slime:5  | Entered Level 5 of the Pits of Slime
 53283 | Slime:5  | Noticed the Royal Jelly
 53335 | Slime:5  | Killed the Royal Jelly
 53546 | Slime:5  | Got a slimy rune of Zot
 53565 | Slime:5  | Identified Riaxtui's Almanac of Cankerous Air
 53994 | Pan      | Entered Pandemonium
 54062 | Pan      | Identified the Tome of Nocuous Evil Arts
 54113 | Pan      | Found an exit through the horrors of the Abyss.
 54395 | Pan      | Entered the realm of Mnoleg.
 54416 | Pan      | Reached skill level 18 in Spellcasting
 54543 | Pan      | Paralysed by a floating eye for 4 turns
 54776 | Pan      | Noticed Mnoleg
 55392 | Pan      | Found an exit through the horrors of the Abyss.
 55426 | Pan      | Paralysed by a floating eye for 3 turns
 55444 | Pan      | Got a glowing rune of Zot
 55901 | Pan      | Found an exit through the horrors of the Abyss.
 55910 | Pan      | Took an exit into the Abyss.
 55910 | Abyss:1  | Escaped into the Abyss
 56265 | Abyss:1  | Reached XP level 23. HP: 92/170 MP: 45/45
 56373 | Abyss:1  | Found a roughly hewn altar of Beogh.
 57117 | Abyss:3  | Reached skill level 19 in Spellcasting
 57206 | Abyss:3  | Found a corrupted altar of Lugonu.
 57209 | Abyss:3  | Got an abyssal rune of Zot
 57294 | Depths:1 | Escaped the Abyss
 57373 | Depths:5 | Noticed a juggernaut
 57389 | Depths:5 | Killed a juggernaut
 57425 | Depths:5 | Bought a scroll of teleportation for 63 gold pieces
 57425 | Depths:5 | Bought a scroll of teleportation for 63 gold pieces
 57425 | Depths:5 | Bought a scroll of recharging for 199 gold pieces
 57425 | Depths:5 | Bought a scroll of magic mapping for 73 gold pieces
 57425 | Depths:5 | Bought a scroll of silence for 157 gold pieces
 57479 | Pan      | Entered Pandemonium
 57555 | Pan      | Found an exit through the horrors of the Abyss.
 57638 | Pan      | Reached skill level 20 in Spellcasting
 58055 | Pan      | Got a translucent dagger
 58056 | Pan      | Identified the +3 dagger "Sarrisan" {freeze, +Fly rPois} (You found it in Pandemonium)
 58076 | Pan      | Noticed Mnoleg
 58579 | Pan      | Paralysed by a floating eye for 3 turns
 58582 | Pan      | Killed Mnoleg
 58949 | Pan      | Learned a level 7 spell: Malign Gateway
 59231 | Pan      | Found a runed door.
 59241 | Pan      | Found a runed door.
 59253 | Pan      | Found a runed door.
 59267 | Pan      | Noticed Deutolo the pandemonium lord
 59285 | Pan      | Killed Deutolo the pandemonium lord
 59317 | Pan      | Found a runed door.
 59361 | Pan      | Reached skill level 5 in Translocations
 59524 | Pan      | Found an exit through the horrors of the Abyss.
 60664 | Pan      | Found a runed door.
 60668 | Pan      | Got a demonic rune of Zot
 61123 | Pan      | Cast into level 4 of the Abyss (miscasting Spellforged Servitor)
 61171 | Abyss:5  | Entered Level 5 of the Abyss
 61171 | Abyss:5  | Found a corrupted altar of Lugonu.
 61197 | Pan      | Escaped the Abyss
 61318 | Pan      | Entered the realm of Cerebov.
 61320 | Pan      | Got a fiery rune of Zot
 61322 | Pan      | Noticed Cerebov
 61608 | Pan      | Found an exit through the horrors of the Abyss.
 62031 | Pan      | Learned a level 8 spell: Controlled Blink
 62087 | Pan      | Reached XP level 24. HP: 163/176 MP: 45/47
 62701 | Pan      | Killed Cerebov
 62701 | Pan      | Reached skill level 10 in Translocations
 62762 | Pan      | Identified the ring of Soqur {Str+5 Int+3} (You found it in Pandemonium)
 62981 | Pan      | Identified the ring of the Sky {EV+3 SInv} (You took it off a balrug in Pandemonium)
 63045 | Pan      | Identified the +1 robe of the Heavens {rC+ Regen+ rCorr} (You took it off an efreet in Pandemonium)
 63150 | Pan      | Noticed Liriruwn the pandemonium lord
 63401 | Pan      | Noticed Cahiu the pandemonium lord
 63405 | Pan      | Found an exit through the horrors of the Abyss.
 63412 | Pan      | Took an exit into the Abyss.
 63412 | Abyss:1  | Escaped into the Abyss
 63470 | Depths:3 | Escaped the Abyss
 63662 | Orc:2    | Bought a scroll of teleportation for 84 gold pieces
 63841 | Pan      | Entered Pandemonium
 63894 | Pan      | Identified the +2 ring mail "Guthomem" {-Tele rC+ rN+ Str+3 Stlth+} (You found it in Pandemonium)
 64032 | Pan      | Found an exit through the horrors of the Abyss.
 64115 | Pan      | Identified the cursed +0 robe of Hajuly {MR- Regen+ Dex-2 Stlth+} (You found it in Pandemonium)
 64156 | Pan      | Noticed Weqinny the pandemonium lord
 64176 | Pan      | Killed Weqinny the pandemonium lord
 64296 | Pan      | Found an exit through the horrors of the Abyss.
 64312 | Pan      | Identified the +1 robe "Nuef" {rElec MR+ Dex+4} (You found it in Pandemonium)
 64400 | Pan      | Took an exit into the Abyss.
 64400 | Abyss:1  | Escaped into the Abyss
 64533 | Depths:1 | Escaped the Abyss
 64537 | Pan      | Entered Pandemonium
 64663 | Pan      | Noticed a seraph
 64684 | Pan      | Killed a seraph
 64944 | Pan      | Got a transparent brass ring
 65006 | Pan      | Got an ichor-stained hunting sling
 65008 | Pan      | Identified the +11 hunting sling of Painful Death {venom, Int+2} (You took it off an angel in Pandemonium)
 65011 | Pan      | Found a glowing golden altar of the Shining One.
 65046 | Depths:1 | Escaped Pandemonium
 65052 | Pan      | Entered Pandemonium
 65209 | Pan      | Entered the realm of Lom Lobon.
 65528 | Pan      | Noticed Lom Lobon
 65536 | Pan      | Got a magical rune of Zot
 65705 | Pan      | Found an exit through the horrors of the Abyss.
 66060 | Pan      | Entered the realm of Gloorx Vloq.
 66063 | Pan      | Identified the ring "Himela" {rN+ Dex+4 Slay-3 Stlth-} (You took it off a seraph in Pandemonium)
 66369 | Pan      | Noticed Gloorx Vloq
 66553 | Pan      | Killed Gloorx Vloq
 66679 | Pan      | Got a dark rune of Zot
 66787 | Depths:1 | Escaped Pandemonium
 66798 | Hell     | Entered the Vestibule of Hell
 66798 | Hell     | Noticed Geryon
 66807 | Hell     | Reached skill level 21 in Spellcasting
 66811 | Hell     | Killed Geryon
 66967 | Hell     | Found a gateway to the decaying netherworld of Tartarus.
 67005 | Hell     | Reached XP level 25. HP: 182/182 MP: 48/48
 67137 | Depths:1 | Learned a level 4 spell: Control Undead
 67166 | Hell     | Found a gateway to the Iron City of Dis.
 67195 | Hell     | Reached skill level 1 in Necromancy
 67200 | Dis:1    | Entered Level 1 of the Iron City of Dis
 67672 | Dis:7    | Entered Level 7 of the Iron City of Dis
 68030 | Dis:7    | Reached skill level 5 in Necromancy
 68335 | Dis:7    | Identified the ring "Caoneysarch" {*Slow rElec AC+5 Dex+5 SInv} (You found it on level 7 of the Iron City of Dis)
 68524 | Dis:7    | Got a shimmering trident
 68525 | Dis:7    | Identified the +6 trident of Trauma {pain, Int+6} (You found it on level 7 of the Iron City of Dis)
 68527 | Dis:7    | Got a flickering platinum amulet
 68529 | Dis:7    | Identified the amulet "Xotzuw" {Reflect rElec rPois rF++ Str-5 SH+4} (You found it on level 7 of the Iron City of Dis)
 68630 | Dis:7    | Noticed Dispater
 68653 | Dis:7    | Killed Dispater
 68825 | Dis:7    | Got an iron rune of Zot
 69287 | Tar:1    | Entered Level 1 of Tartarus
 69352 | Tar:2    | Reached skill level 10 in Necromancy
 70063 | Tar:7    | Entered Level 7 of Tartarus
 70474 | Tar:7    | Noticed Ereshkigal
 70501 | Tar:7    | Killed Ereshkigal
 70544 | Tar:7    | Identified the ring of Ummegetiss {rF- Int+7 Dex+2} (You found it on level 7 of Tartarus)
 70552 | Tar:7    | Got a bone rune of Zot
 70917 | Hell     | Found a gateway to the ashen valley of Gehenna.
 71210 | Geh:1    | Entered Level 1 of Gehenna
 71368 | Geh:1    | Gained mutation: You are strongly in touch with the powers of death. [Mummy growth]
 71368 | Geh:1    | Reached XP level 26. HP: 145/189 MP: 48/48
 71706 | Geh:4    | HP: 5/189 [disintegration[the player character] (52)]
 71706 | Geh:4    | Killed from afar by a Brimstone Fiend

Vault maps used:
D:1:      dpeg_arrival_three_smaller_balls, minmay_pentomino_z4
D:2:      grunt_qazlal_sundering, uniq_terence, uniq_robin
D:3:      uniq_grinder
D:4:      minitemple, first_bread
D:5:      fedhas_altar_1, minmay_temple_entry_poolview, lemuel_flame_loot_1
D:7:      trog_ov_bears_minmay, kennysheep_mini, lemuel_crystal_altar,
          minmay_misc_feat_alley
D:9:      cheibrodos_ashenzari_chains, slow_altar_2, lair_entry_dummy,
          hangedman_pestilent_swarm, minivault_29, uniq_grum
D:10:     trove_entry_hex_spiral, uniq_maurice, uniq_sonja
D:11:     uniq_josephine
D:12:     orc_david_3, uniq_frances, uniq_nergalle
D:14:     erik_vaults_2, special_room, minmay_misc_feat_pillars
D:15:     grunt_enter_depths_magical_seal, minmay_crystal_room, serial_shops,
          nicolae_shop_trees, nicolae_shop_statue_plus, shop,
          nicolae_shop_statue_plus, shop_scrolls
Temple:   nicolae_temple_figure_eight
Lair:2:   nicolae_volcano_entry_hallway, minmay_lair_oklob_chamber
Lair:3:   beast_lair_carwin_11, uniq_urug
Lair:4:   minmay_shoals_entry_centaurs, spider_nest_entry_a, patterned_corridor,
          uniq_harold
Lair:5:   minmay_slime_entry_pillars, grunt_megastairs_4
Lair:6:   minmay_lair_end_frog_pond, portal_ice_cave_entry_animals_and_master,
          kennysheep_basilisk_garden
Shoals:4: shoals_end_grunt_ice, shoals_ilsuiw_alternative
Spider:3: guppyfry_spider_mini_2
Spider:4: grunt_spider_rune_circles
Slime:2:  uniq_dissolution
Slime:3:  cheibrodos_slime_lost_civilization_10,
          nicolae_slime_ancient_tower_intersection
Orc:1:    serial_shops, nicolae_shop_behind_doors
Orc:2:    st_orc_town
Elf:1:    minmay_elf_annihilation, uniq_azrael, uniq_roxanne
Vaults:1: vaults_room_door_hall, ontoclasm_vaults_misaligned, v_misc_9,
          special_room_vaults, vaults_mumra_lcd, nicolae_vaults_border_crossing,
          vaults_room_mumra_shop_pool, nicolae_vaults_specimen_jars,
          hangedman_vaults_stitches, nicolae_vaults_big_angled_halls, v_rooms_1,
          hangedman_vaults_snaps, v_misc_17, uniq_jorgrun
Vaults:2: v_misc_3, ontoclasm_vaults_chip, nicolae_vaults_ninety_degrees,
          hangedman_vaults_hat, v_rooms_3, nicolae_vaults_big_ls,
          grunt_vaults_hallway_long, uniq_sojobo, uniq_boris
Vaults:3: dpeg_vaults_monster_row, v_misc_4, vaults_standard_mumra_x,
          vaults_dpeg_hooks, ontoclasm_vaults_spin, dpeg_vaults_monster_box,
          nicolae_vaults_circle_grid_a, ontoclasm_vaults_eye, v_misc_25,
          minmay_crypt_entry_vampire_xt, grunt_vaults_bifocal,
          nicolae_vaults_little_squares_1, vaults_room_pools
Vaults:4: st_eye, v_misc_18, v_rooms_4, ontoclasm_vaults_loading_screen,
          v_pattern_5, nicolae_vaults_mini_display_case, vaults_mumra_minichess,
          ontoclasm_vaults_ring_square, uniq_aizul
Crypt:2:  serial_sigils_hangedman_stare
Crypt:3:  evilmike_haunted_forest, uniq_xtahua
Depths:1: rand_demon_pan_entry_3, hell_entry, serial_shops, shop, wad_dig_loot,
          serial_bayou_shore_b, minmay_shop_star, kennysheep_random_hallway
Depths:2: kennysheep_blocky_hall, grunt_decor_fettered, abyss_entry_crystal,
          hangedman_coc_ice_floe, minmay_shop_grove, firewood_loft
Depths:3: minmay_eyes, pan_entry, hell_entry, st_stairs_9, uniq_frederick
Depths:4: minmay_crescents, enter_ziggurat_f, hell_entry,
          grunt_pan_entry_zigzag, abyss_entry, mu_enter_wizlab_4,
          minmay_splitting_lines
Depths:5: evilmike_zot_entry_round, pf_hell_entry_tar_spiral, pan_entry,
          fountainhead, serial_shops, shop, kennysheep_treasure_room, uniq_boris
Dis:6:    hangedman_dis_decor_blocks_crown
Dis:7:    iron_city_of_dis
Geh:2:    lemuel_flamethrower_3
Tar:1:    nicolae_tar_cuneiform_bread
Tar:2:    grunt_megastairs_2
Tar:4:    grunt_megastairs_1
Tar:7:    tar_minmay_river
Abyss:1:  guppyfry_abyss_exit_imp_island, evilmike_abyss_exit_15
Abyss:2:  evilmike_abyss_exit_plants
Abyss:3:  evilmike_abyss_rune_elephants_shrine
Abyss:4:  evilmike_abyss_exit_vortex, gammafunk_abyss_exit_x_factor,
          evilmike_abyss_exit_16
Abyss:5:  evilmike_abyss_exit_glass, hangedman_elemental_corridor,
          evilmike_abyss_exit_smiterflies
Pan:      evilmike_mini_pan_3x3, evilmike_mnoleg_eyes, pan_blood_fountain,
          evilmike_mini_pan_V, reaverb_pan_squares, grunt_pan_sceptre,
          pan_blood_fountain_small, pan_blood_fountain,
          evilmike_mini_pan_diamond, rand_demon_9, pan_blood_fountain,
          uniq_mnoleg, nicolae_pan_sigil_itan, nicolae_pan_sick_transit,
          rand_demon_4, nicolae_pan_mnolegish_3, rand_demon_7, rand_demon_3,
          pan_blood_fountain, nicolae_pan_mnolegish_1,
          regret_index_pan_draining_boxed, evilmike_mini_pan_doors_b,
          nicolae_pan_cerebovesque_2, evilmike_mini_pan_3x3, uniq_mennas_pan,
          nicolae_pan_glass_arcs, pan_blood_fountain, cerebov, special_room,
          evilmike_mini_pan_diamond, pan_blood_fountain_small, rand_demon_4,
          evilmike_mini_pan_other_thingy, nicolae_pan_gloorx_vloqian_2,
          evilmike_mini_pan_T, evilmike_mini_pan_doors_b, pan_blood_fountain,
          grunt_pan_spiral, nicolae_pan_giant_door, evilmike_mini_pan_layers,
          evilmike_mini_pan_T, pan_blood_fountain, evilmike_holy_pan,
          rand_demon_6, pan_blood_fountain_small, lom_lobon_grunt,
          pan_blood_fountain, rand_demon_2, uniq_lom_lobon,
          evilmike_mini_pan_corner, rand_demon_4, uniq_lom_lobon, gloorx_vloq,
          pan_blood_fountain_small
IceCv:    ice_cave_small_dragons
Volcano:  volcano_lake
WizLab:   wizlab_iskenderun

Skill      XL: |  1  2  3  4  5  6  7  8  9 10 11 12 13 14 15 16 17 18 19 20 21 22 23 24 25 |
---------------+----------------------------------------------------------------------------+-----
Hexes          | 3 4 5 6 |  6.9
Crossbows      | 2 3 4 10 | 10.0
Polearms       | 3 5 6 7 8 11 13 | 13.1
Dodging        | 3 7 8 9 |  9.0
Spellcasting   | 3 5 7 9 11 14 16 18 20 21 | 21.5
Evocations     | 2 6 7 9 |  9.3
Fighting       | 5 7 8 11 | 11.6
Summonings     | 3 8 10 12 14 15 | 15.7
Shields        | 3 5 |  5.2
Air Magic      | 2 4 8 9 |  9.4
Conjurations   | 1 5 6 11 | 11.5
Poison Magic   | 3 |  3.3
Armour         | 5 |  5.0
Charms         | 6 9 |  9.0
Stealth        | 6 7 8 |  8.0
Translocations | 4 9 14 | 14.8
Throwing       | 5 |  5.0
Necromancy     | 12 | 12.0

Action                   |  1- 3 |  4- 6 |  7- 9 | 10-12 | 13-15 | 16-18 | 19-21 | 22-24 | 25-27 || total
-------------------------+-------+-------+-------+-------+-------+-------+-------+-------+-------++-------
Melee: Dagger            |    72 |    16 |       |       |       |       |       |       |       ||    88
       Spear             |       |   142 |   557 |  1328 |  1577 |       |       |       |       ||  3604
       Demon trident     |       |       |       |       |   128 |  1670 |  1534 |  1028 |   473 ||  4833
       Trident           |       |       |       |       |   102 |    24 |       |       |       ||   126
       Staff             |       |       |       |       |       |       |     2 |     2 |     1 ||     5
 Fire: Hand crossbow     |    35 |    22 |    23 |    31 |   297 |    66 |   205 |     3 |    16 ||   698
Throw: Tomahawk          |       |       |     9 |     8 |     4 |       |       |       |       ||    21
       Javelin           |       |       |     4 |       |       |    24 |     8 |     2 |       ||    38
       Throwing net      |       |       |       |       |     2 |       |       |       |     2 ||     4
 Cast: Corona            |    24 |    28 |    19 |     1 |       |       |       |       |       ||    72
       Slow              |       |     2 |    10 |     1 |     1 |       |       |       |       ||    14
       Confuse           |       |       |    32 |    58 |    19 |     1 |       |       |       ||   110
       Dazzling Spray    |       |       |    15 |    24 |       |     5 |       |       |       ||    44
       Call Canine Famil |       |       |       |    23 |     8 |    35 |    10 |       |       ||    76
       Summon Butterflie |       |       |       |    10 |    16 |     4 |    15 |    30 |     5 ||    80
       Summon Mana Viper |       |       |       |     9 |   297 |   299 |   246 |     5 |     2 ||   858
       Blink             |       |       |       |     2 |     3 |     1 |    22 |    72 |    10 ||   110
       Apportation       |       |       |       |     1 |   102 |    54 |   330 |   624 |   306 ||  1417
       Cause Fear        |       |       |       |       |     1 |       |       |       |       ||     1
       Mephitic Cloud    |       |       |       |       |    44 |    45 |    31 |       |       ||   120
       Portal Projectile |       |       |       |       |     9 |       |    24 |     3 |     4 ||    40
       Conjure Flame     |       |       |       |       |     2 |     7 |       |       |       ||     9
       Deflect Missiles  |       |       |       |       |       |     6 |    15 |    12 |       ||    33
       Shadow Creatures  |       |       |       |       |       |       |   239 |   415 |    63 ||   717
       Spellforged Servi |       |       |       |       |       |       |       |   239 |    76 ||   315
       Orb of Destructio |       |       |       |       |       |       |       |    13 |     5 ||    18
       Ozocubu's Armour  |       |       |       |       |       |       |       |    66 |    30 ||    96
       Swiftness         |       |       |       |       |       |       |       |     4 |       ||     4
       Malign Gateway    |       |       |       |       |       |       |       |    42 |    16 ||    58
       Controlled Blink  |       |       |       |       |       |       |       |     1 |     2 ||     3
       Control Undead    |       |       |       |       |       |       |       |       |    36 ||    36
Invok: Potion Petition   |       |       |     1 |       |     4 |       |       |     3 |     1 ||     9
       Call Merchant     |       |       |     1 |     2 |     2 |     1 |     1 |     2 |       ||     9
       Bribe Branch      |       |       |       |       |       |       |     1 |       |     2 ||     3
Evoke: Wand              |       |       |     6 |    14 |    23 |     9 |     6 |    21 |     9 ||    88
       Lamp of fire      |       |       |       |       |       |     3 |     2 |     2 |       ||     7
       Staff of energy   |       |       |       |       |       |       |   442 |   324 |    71 ||   837
       Crystal ball of e |       |       |       |       |       |       |     1 |       |       ||     1
       Phantom mirror    |       |       |       |       |       |       |       |     4 |       ||     4
       Phial of floods   |       |       |       |       |       |       |       |     2 |       ||     2
       Box of beasts     |       |       |       |       |       |       |       |     3 |       ||     3
       Fan of gales      |       |       |       |       |       |       |       |     3 |     1 ||     4
       Sack of spiders   |       |       |       |       |       |       |       |     1 |       ||     1
  Use: Scroll            |       |     3 |     2 |     9 |    27 |    14 |    25 |    44 |     3 ||   127
 Stab: Sleeping          |     1 |     1 |     3 |     2 |       |       |     8 |     1 |     4 ||    20
       Confused          |       |       |    15 |    29 |    25 |    14 |    23 |     2 |       ||   108
       Paralysed         |       |       |    15 |    28 |       |       |     2 |     6 |    19 ||    70
       Invisible         |       |       |     6 |    17 |     6 |       |       |       |       ||    29
       Distracted        |       |       |       |     7 |    12 |    23 |    34 |    39 |    11 ||   126
       Petrified         |       |       |       |       |     9 |       |       |       |       ||     9
       Held in net/web   |       |       |       |       |       |     1 |       |       |       ||     1
       Betrayed ally     |       |       |       |       |       |       |       |       |     8 ||     8
Armor: Robe              |     7 |       |       |       |       |       |       |   255 |    69 ||   331
       Leather armour    |    42 |    50 |    73 |   114 |    51 |       |       |       |       ||   330
       Ring mail         |       |       |       |       |   205 |   369 |   213 |    16 |       ||   803
Dodge: Dodged            |    89 |    88 |   217 |   432 |   577 |   713 |   633 |   903 |   208 ||  3860
       Deflected         |       |       |       |       |       |    20 |    78 |    87 |    11 ||   196
Block: Buckler           |       |       |       |    17 |   368 |   397 |   316 |   421 |   111 ||  1630
       Reflection        |       |       |       |       |    48 |    36 |    67 |    48 |     7 ||   206
